Map: [ESL] Babylon

Players

ForJumY

  • Race: Protoss Protoss
  • Spawn Location: 11:00

Lambo - Winner!

  • Race: Zerg Zerg
  • League: Master
  • Spawn Location: 5:00

Event: HomeStory Cup XXIII

VOD

Have the link to the VOD?

Description

Time

  • Played on: June 30, 2023, 9:55 a.m.
  • Length: 8:26

All games in this series

Show
View Real Time Build Order
Export as new Build Order

ForJumY Protoss 

Build Orders:  

Get SALT Encoding   

  12  0:00  Probe  
  13  0:12  Probe  
  14  0:20  Pylon  
  14  0:24  Probe  
  15  0:38  Probe (Chrono Boost)  
  16  0:43  Gateway  
  16  0:48  Probe (Chrono Boost)  
  17  0:53  Probe (Chrono Boost)  
  18  1:00  Assimilator  
  18  1:05  Pylon  
  17  1:13  Probe, Pylon  
  17  1:25  Probe  
  17  1:30  Cybernetics Core  
  18  1:37  Probe  
  19  1:51  Nexus  
  19  1:55  Probe  
  20  2:02  Assimilator  
  21  2:11  Stalker  
  21  2:13  Probe  
  23  2:21  Pylon  
  23  2:25  Warp Gate  
  23  2:39  Probe  
  22  2:52  Probe (Chrono Boost)  
  23  3:02  Probe (Chrono Boost)  
  25  3:05  Probe (Chrono Boost)  
  25  3:12  Probe (Chrono Boost)  
  27  3:13  Probe (Chrono Boost)  
  27  3:15  Stargate  
  27  3:18  Probe (Chrono Boost)  
  29  3:21  Probe (Chrono Boost)  
  29  3:22  Adept  
  31  3:30  Probe (Chrono Boost)  
  31  3:33  Gateway  
  33  3:34  Probe (Chrono Boost)  
  33  3:35  Probe (Chrono Boost)  
  34  3:45  Probe (Chrono Boost)  
  34  3:46  Probe (Chrono Boost)  
  36  3:54  Probe (Chrono Boost)  
  39  3:59  Probe (Chrono Boost)  
  40  4:06  Probe, Void Ray (Chrono Boost)  
  40  4:09  Pylon  
  43  4:17  Probe  
  43  4:23  Probe  
  45  4:29  Probe  
  46  4:32  Nexus  
  46  4:33  Pylon  
  46  4:42  Probe  
  47  4:46  Probe, Assimilator  
  47  4:49  Assimilator  
  48  4:53  Adept x2  
  48  4:54  Probe  
  48  4:57  Shield Battery  
  48  4:59  Probe  
  54  5:06  Fleet Beacon  
  54  5:10  Probe  
  54  5:11  Probe  
  56  5:20  Fleet Beacon  
  55  5:22  Probe  
  55  5:26  Pylon  
  56  5:30  Robotics Facility  
  56  5:36  Twilight Council  
  56  5:42  Pylon  
  56  5:45  Probe (Chrono Boost)  
  56  5:46  Pylon  
  56  5:49  Probe x2 (Chrono Boost)  
  59  5:50  Adept x2  
  68  6:04  Void Ray  
  68  6:05  Probe (Chrono Boost)  
  68  6:06  Probe (Chrono Boost)  
  68  6:08  Mothership (Chrono Boost)  
  79  6:20  Pylon  
  79  6:21  Probe (Chrono Boost)  
  79  6:22  Probe (Chrono Boost)  
  79  6:27  Dark Shrine  
  79  6:28  Probe  
  79  6:30  Gateway  
  80  6:33  Gateway  
  80  6:43  Gateway  
  80  6:44  Gateway  
  80  6:49  Zealot x2  
  80  6:51  Immortal (Chrono Boost)  
  88  7:05  Shield Battery  
  88  7:06  Pylon, Shield Battery  
  86  7:11  Sentry x2  
  86  7:15  Gateway  
  87  7:17  Gateway  
  87  7:22  Pylon  
  81  7:37  Immortal (Chrono Boost), Stalker  
  81  7:38  Stalker  
  85  7:53  Sentry  
  87  7:58  Stalker x2  
  91  8:08  Pylon  
  91  8:09  Pylon x2  
Show
View Real Time Build Order
Export as new Build Order

Lambo Zerg - Winner!

Build Orders: Pool First 

Get SALT Encoding   

  12  0:00  Drone  
  13  0:12  Overlord  
  13  0:17  Drone  
  14  0:30  Drone x2  
  16  0:43  Drone  
  17  0:52  Drone  
  17  0:54  Spawning Pool  
  17  0:55  Drone  
  18  1:09  Drone  
  19  1:20  Drone  
  19  1:22  Extractor  
  19  1:27  Hatchery  
  18  1:40  Zergling x2  
  18  1:41  Queen, Zergling x2  
  22  1:52  Overlord  
  22  2:10  Drone  
  22  2:11  Drone  
  24  2:16  Queen  
  24  2:22  Hatchery  
  25  2:27  Drone  
  26  2:32  Zergling x2  
  27  2:39  Drone  
  27  2:42  Drone  
  29  2:48  Drone x3  
  31  2:52  Drone  
  31  2:57  Metabolic Boost  
  31  3:02  Drone x2  
  33  3:07  Overlord  
  33  3:12  Queen  
  35  3:25  Zergling x2  
  35  3:26  Drone x5  
  41  3:32  Overlord  
  41  3:41  Queen, Drone x2  
  43  3:48  Zergling x2  
  46  3:49  Spore Crawler  
  46  3:53  Drone x3  
  46  3:55  Queen  
  50  3:56  Drone  
  50  3:59  Drone x2  
  50  4:01  Drone  
  54  4:06  Drone x3  
  57  4:13  Overlord, Roach Warren  
  56  4:20  Zergling x4  
  58  4:28  Spore Crawler  
  58  4:31  Queen x2  
  57  4:34  Overlord  
  57  4:38  Overlord  
  60  4:39  Overlord  
  60  4:43  Overlord  
  60  4:48  Overlord  
  60  4:52  Overlord  
  61  4:54  Drone x4, Lair  
  61  4:59  Drone x5  
  70  5:00  Drone  
  71  5:08  Drone x6  
  71  5:14  Drone x3  
  80  5:16  Extractor  
  80  5:17  Extractor  
  80  5:20  Extractor  
  77  5:21  Extractor, Evolution Chamber  
  77  5:22  Extractor  
  77  5:23  Queen  
  77  5:25  Spore Crawler  
  77  5:26  Spore Crawler  
  77  5:27  Drone x2  
  76  5:28  Drone  
  76  5:31  Drone x2  
  76  5:32  Pneumatized Carapace  
  76  5:34  Drone  
  76  5:35  Drone  
  81  5:36  Drone  
  81  5:39  Drone x3  
  85  5:43  Drone x3  
  85  5:46  Drone  
  89  5:52  Roach  
  91  5:59  Zerg Missile Weapons Level 1, Queen  
  91  6:00  Roach x5  
  103  6:11  Overlord, Overseer  
  103  6:12  Overlord  
  103  6:13  Overlord  
  103  6:14  Overlord x2  
  103  6:16  Overlord  
  103  6:19  Overlord  
  103  6:21  Overlord  
  103  6:22  Roach  
  105  6:32  Queen x2  
  109  6:33  Roach x2  
  109  6:35  Queen  
  109  6:37  Overlord  
  115  6:41  Roach x4  
  115  6:47  Ravager x7  
  124  6:48  Roach  
  124  6:54  Roach x2  
  136  7:00  Roach x4  
  144  7:03  Roach x2  
  144  7:08  Roach, Queen  
  150  7:09  Roach x2  
  155  7:15  Zergling x2  
  155  7:16  Zergling x10  
  158  7:24  Zergling x8  
  158  7:25  Queen  
  161  7:31  Ravager  
  161  7:32  Roach x3, Ravager x4  
  172  7:38  Roach x2  
  176  7:53  Overseer  
  176  7:56  Spire  
  176  7:58  Overseer  
  175  8:03  Zergling x8  
Tags
 
Add a new tag
Caveats
  • Supply blocks, unpowered buildings, or Contaminate may cause inaccurate times.
  • Supply counts are checked every 10 seconds.